 Dungeon Crawl Stone Soup version 0.31-a0-640-g39d97e502b (webtiles) character file.

Game seed: 2685842111972905848

55 qw the Shooter (level 3, -10/23 HPs)
             Began as a Gargoyle Hunter on Aug 27, 2023.
             Mangled by an orc warrior
             ... wielding a +0 dire flail
              (11 damage)
             ... on level 3 of the Dungeon.
             The game lasted 00:00:34 (2164 turns).

qw the Shooter (Gargoyle Hunter)                    Turns: 2164, Time: 00:00:34

Health: -10/23     AC:  6    Str: 14    XL:     3   Next: 93%
Magic:  3/3        EV: 11    Int:  9    God:
Gold:   89         SH:  0    Dex: 15    Spells: 2/2 levels left

rFire   . . .        Y - +0 shortbow
rCold   . . .        (shield currently unavailable)
rNeg    + . .        c - +0 leather armour
rPois   inf          (no helmet)
rElec   +            (no cloak)
rCorr   .            (no gloves)
SInv    .            (no boots)
Will    .....        (no amulet)
Stlth   ++           (no ring)
HPRegen 0.23/turn    (no ring)
MPRegen 0.08/turn

%: no passive effects
@: about to teleport
A: sickness immunity, AC +3, negative energy resistance 1, electricity
resistance, torment resistance 1, petrification resistance
a: no special abilities


You were on level 3 of the Dungeon.
You visited 1 branch of the dungeon, and saw 3 of its levels.

You collected 89 gold pieces.


Innate Abilities, Weirdness & Mutations

You are immune to sickness and miasma.
Your stone body is resilient. (AC +3)
You are immune to poison.
You resist negative energy. (rN+)
You are resistant to electric shocks. (rElec)
You are resistant to unholy torment.
You are immune to petrification.


   Skills:
 - Level 3.0 Fighting
 + Level 5.0 Ranged Weapons
 - Level 1.5 Dodging
 - Level 1.1 Stealth


You had 2 spell levels left.
You didn't know any spells.
Your spell library was empty.

Inventory:

Hand Weapons
 Y - a +0 shortbow (weapon)
Armour
 c - a +0 leather armour (worn)
Scrolls
 f - a scroll of identify
Potions
 a - a potion of might {unknown}
 d - a potion of attraction {unknown}
 e - a potion of heal wounds {unknown}
 g - a potion of curing
 i - a potion of degeneration {unknown}

Dungeon Overview and Level Annotations

Branches:
Dungeon (3/15)

Altars:
Okawaru
Zin


Message History

The fungus begins to die.
The orc warrior attacks as it pursues you!
The orc warrior hits you with a +0 dire flail!
2156 ||| Stepping ~*~*~tactically~*~*~ (retreating).
The hobgoblin misses you. The orc closely misses you.
2157 ||| Stepping ~*~*~tactically~*~*~ (retreating).
The endoplasm quivers.
The hobgoblin attacks as it pursues you!
The hobgoblin barely misses you.
The orc priest hits the fungus with a +0 short sword.
The fungus begins to die.
2158 ||| Stepping ~*~*~tactically~*~*~ (retreating).
The orc priest hits you with a +0 club.
The orc hits the fungus with a +0 hand axe.
2159 ||| Stepping ~*~*~tactically~*~*~ (retreating).
The hobgoblin attacks as it pursues you!
The hobgoblin closely misses you. The orc priest closely misses you.
2160 ||| Stepping ~*~*~tactically~*~*~ (retreating).
A nearby fungus withers and dies.
The orc priest hits you with a +0 club. The endoplasm barely misses you.
2161 ||| Stepping ~*~*~tactically~*~*~ (retreating).
The orc priest looks encouraged for a moment.
The endoplasm attacks as it pursues you!
The endoplasm hits you but does no damage.
A giant cockroach comes into view.
You see here 9 gold pieces.
You shoot an arrow.
The arrow hits the endoplasm but does no damage.
A nearby fungus withers and dies.
The hobgoblin hits you but does no damage.
The endoplasm barely misses you. The hobgoblin barely misses you.
2163 ||| Stepping ~*~*~tactically~*~*~ (retreating).
Found 5 javelins.
The orc warrior attacks as it pursues you!
The orc warrior hits you with a +0 dire flail!
2164 ||| READING scroll of teleportation.
As you read the scroll of teleportation, it crumbles to dust.
You feel strangely unstable.
The orc warrior hits you with a +0 dire flail!
You die...

#........# ##
#..<.....####
...#............
(..............B...
####...P.P.._..PPPP
........o.......
.........oo#o.###.
##r...#r..gJo...#
#..#########@#.....
... #.(...##..
......### ##.#####
#


You could see an orc warrior, 2 orc priests, 2 orcs, an endoplasm, a quokka, a
giant cockroach and a hobgoblin.

Vanquished Creatures
  A worm (D:2)
  5 dart slugs
  3 ball pythons
  3 bats
  2 endoplasms
  2 giant cockroaches (D:1)
  6 goblins
  4 hobgoblins
  2 jackals (D:1)
  4 kobolds
  A quokka (D:1)
  A frilled lizard (D:2)
  3 rats
37 creatures vanquished.

Notes
Turn   | Place    | Note
-------+----------+-------------------------------------------
     0 | D:1      | qw the Gargoyle Hunter began the quest for the Orb.
     0 | D:1      | Reached XP level 1. HP: 12/12 MP: 1/1
     0 | D:1      | 0 ||| qw: Version: 0.3-a-74-g0d5e918
     0 | D:1      | 0 ||| qw: Game counter: 30
     0 | D:1      | 0 ||| qw: Melee chars always use a shield: true
     0 | D:1      | 0 ||| qw: God list: Okawaru
     0 | D:1      | 0 ||| qw: Allow faded altars: false
     0 | D:1      | 0 ||| qw: Do Orc after clearing Dungeon:15 true
     0 | D:1      | 0 ||| qw: Do second Lair branch before Depths: true
     0 | D:1      | 0 ||| qw: Lair rune preference: random
     0 | D:1      | 0 ||| qw: Goals: Normal
     0 | D:1      | 0 ||| PLANNING D:1-11
   108 | D:1      | Reached XP level 2. HP: 17/17 MP: 2/2
   611 | D:1      | Reached XP level 3. HP: 21/21 MP: 3/3
   641 | D:1      | Reached skill level 5 in Ranged Weapons
   690 | D:1      | Found a faded altar of an unknown god.
   968 | D:1      | 968 ||| READING scroll labelled LOPYIT LYBAI.
   969 | D:1      | 969 ||| READING scroll labelled KAGEUC LEALASK.
   973 | D:1      | 973 ||| DROPPING scroll of butterflies.
  1400 | D:2      | 1400 ||| FLEEEEING.
  1401 | D:2      | 1401 ||| FLEEEEING.
  1402 | D:2      | 1402 ||| FLEEEEING.
  1445 | D:2      | Reached skill level 3 in Fighting
  1456 | D:2      | Found a glowing silver altar of Zin.
  2049 | D:2      | 2049 ||| READING 2 scrolls labelled GOLAZXUCAF.
  2050 | D:2      | 2050 ||| DRINKING 2 smoky green potions.
  2151 | D:3      | Noticed an orc warrior
  2151 | D:3      | Found an iron altar of Okawaru.
  2152 | D:3      | 2152 ||| PLANNING OKAWARU WORSHIP
  2152 | D:3      | 2152 ||| Stepping ~*~*~tactically~*~*~ (retreating).
  2153 | D:3      | 2153 ||| RETREATING.
  2154 | D:3      | 2154 ||| Stepping ~*~*~tactically~*~*~ (retreating).
  2155 | D:3      | 2155 ||| Stepping ~*~*~tactically~*~*~ (retreating).
  2156 | D:3      | 2156 ||| Stepping ~*~*~tactically~*~*~ (retreating).
  2157 | D:3      | 2157 ||| Stepping ~*~*~tactically~*~*~ (retreating).
  2158 | D:3      | 2158 ||| Stepping ~*~*~tactically~*~*~ (retreating).
  2159 | D:3      | 2159 ||| Stepping ~*~*~tactically~*~*~ (retreating).
  2160 | D:3      | 2160 ||| Stepping ~*~*~tactically~*~*~ (retreating).
  2161 | D:3      | 2161 ||| Stepping ~*~*~tactically~*~*~ (retreating).
  2163 | D:3      | 2163 ||| Stepping ~*~*~tactically~*~*~ (retreating).
  2163 | D:3      | HP: 1/23 [orc warrior/+0 dire flail (8)]
  2164 | D:3      | 2164 ||| READING scroll of teleportation.
  2164 | D:3      | Mangled by an orc warrior

Levels and vault maps discovered:
D:1:      minmay_arrival_jagged, layout_basic,
          hellmonk_ecumenical_altar_defaced_shrine
D:2:      layout_basic, basic_altar
D:3:      layout_rooms, mainiacjoe_overflow_boulevard,
          overflow_temple_1_default, gup_sewer_entry_pipe

Skill      XL: |  1  2  3 |
---------------+----------+-----
Ranged Weapons | 5 |  5.0
Fighting       | 3 |  3.0
Dodging        | |  1.5
Stealth        | |  1.1

Action                     || total
---------------------------++-------
   Fire: Shortbow          ||   107
    Use: Scroll            ||     4
         Potion            ||     1
 Armour: Leather armour    ||     7
  Dodge: Dodged            ||    25

Table legend:
 A = Non-vault XP
 B = Vault XP
 C = Vault XP percentage of total XP
 D = Non-vault monster count
 E = Vault monster count
 F = Vault count percentage of total count
                 A         B        C        D         E       F
            +---------+---------+-------+---------+---------+-------
      Total |      70 |       9 |  11.4 |      34 |       3 |   8.1
            +---------+---------+-------+---------+---------+-------
        D:1 |      42 |       9 |  17.6 |      19 |       3 |  13.6
        D:2 |      28 |       0 |   0.0 |      15 |       0 |   0.0
            +---------+---------+-------+---------+---------+-------
